 Dungeon Crawl Stone Soup version bcrawl-1.39.1 (webtiles) character file.

Game seed: 5529528295710504505

192424 Finalfun the Sneak (level 7, 0/78 HPs)
             Began as a Gnoll Archaeologist on Sept 23, 2023.
             Slain by an orc warrior
             ... wielding a +0 short sword
              (5 damage)
             ... on level 4 of the Dungeon.
             The game lasted 00:10:47 (3692 turns).

Finalfun the Sneak (Gnoll Archaeologist)            Turns: 3692, Time: 00:10:47

Health: 0/78       AC: 23    Str: 15    XL:     7   Next: 18%
Magic:  10/10      EV:  1    Int: 18    God:
Gold:   187        SH:  0    Dex: 14    Spells: 10/10 levels left

rFire    . . .     GDR:     47% a - +0 whip
rCold    . . .     SeeInvis .   (no shield)
rNeg     + + +     Gourm    .   (armour currently unavailable)
rPois    +         Faith    .   (helmet currently unavailable)
rElec    .         Spirit   .   (cloak currently unavailable)
rCorr    .         Reflect  .   (gloves currently unavailable)
MR       .....     NoTele   +   (boots currently unavailable)
Stlth    +++.......             (no amulet)
HPRegen  0.23/turn              (no ring)
MPRegen  0.12/turn              (no ring)

@: tree-form
A: giant, distributed training, clever 1, strong nose
a: no special abilities


You were on level 4 of the Dungeon.
You were hungry.
You were a tree.
You visited 1 branch of the dungeon, and saw 4 of its levels.

You collected 187 gold pieces.

Inventory:

Hand Weapons
 a - a +0 whip (weapon)
 b - a +0 blowgun
Missiles
 f - 4 curare-tipped needles
 n - 829 stones (quivered)
Armour
 d - a +1 hat (melded)
 h - the +2 pair of boots of Proximity (melded) {rF+ rC+ Str+2 Int-3}
   (You acquired it on level 3 of the Dungeon)

   It affects your strength (+2).
   It affects your intelligence (-3).
   It protects you from fire.
   It protects you from cold.
 j - a +2 scale mail of poison resistance (melded)
Jewellery
 l - an uncursed ring of stealth {unknown}
 s - a +6 amulet of reflection {unknown}
 t - an uncursed ring of stealth {unknown}
 w - an uncursed ring of protection from cold {unknown}
 y - an uncursed amulet of the acrobat {unknown}
Scrolls
 c - 2 scrolls of teleportation
 g - 5 scrolls of revelation
 i - 5 scrolls of identify
 o - 2 scrolls of amnesia
 r - 3 scrolls of remove curse {unknown}
 u - 2 scrolls of blinking {unknown}
 x - a scroll of fog {unknown}
Potions
 k - 2 potions of ambrosia
 p - 2 potions of mutation
 q - 2 potions of curing
Comestibles
 e - 10 rations {!d}


   Skills:
 + Level 3.4 Fighting
 + Level 2.2 Short Blades
 + Level 2.2 Long Blades
 + Level 2.2 Axes
 + Level 3.4 Maces & Flails
 + Level 2.2 Polearms
 + Level 2.2 Staves
 + Level 2.2 Slings
 + Level 2.2 Bows
 + Level 2.2 Crossbows
 + Level 2.2 Throwing
 + Level 2.2 Armour
 + Level 6.9 Dodging
 + Level 6.9 Stealth
 + Level 2.2 Shields
 + Level 2.2 Unarmed Combat
 + Level 2.2 Spellcasting
 + Level 1.8 Conjurations
 + Level 1.8 Hexes
 + Level 1.8 Charms
 + Level 1.8 Summonings
 + Level 1.8 Necromancy
 + Level 1.8 Translocations
 + Level 1.8 Transmutations
 + Level 1.8 Fire Magic
 + Level 1.8 Ice Magic
 + Level 1.8 Air Magic
 + Level 1.8 Earth Magic
 + Level 1.8 Poison Magic
 + Level 2.5 Invocations
 + Level 2.2 Evocations


You had 10 spell levels left.
You didn't know any spells.
Your spell library was empty.

Dungeon Overview and Level Annotations

Branches:
Dungeon (4/12)
 Temple: D:4-7

Altars:
Dithmenos

Annotations:
D:3 1 runed translucent door, foxfromabyss's ghost, amateur DgAc
D:4 exclusion: door, Eustachio


Innate Abilities, Weirdness & Mutations

Your experience applies equally to all skills.
((You have very sharp teeth.))
Your uncanny sense of smell can sniff out nearby items.
((You have sharp fingernails.))
((You are partially covered in icy blue scales. (AC +2)))
Your mind is acute. (Int +2)


Message History

You barely miss the orc warrior.
The orc warrior is almost dead.
The orc warrior hits you with a +0 short sword.
* * * LOW HITPOINT WARNING * * *
You hit the orc warrior but do no damage.
The orc warrior is almost dead.
The orc warrior hits you but does no damage.
You barely miss the orc warrior.
The orc warrior is almost dead.
The orc warrior hits you but does no damage.
You closely miss the orc warrior.
The orc warrior is almost dead.
The orc warrior hits you but does no damage.
You hit the orc warrior but do no damage.
The orc warrior is almost dead.
The orc warrior hits you but does no damage.
You hit the orc warrior but do no damage.
The orc warrior is almost dead.
The orc warrior hits you with a +0 short sword.
You die...

#.#######.#.... #.#
###.....## ∆ ∆∆ ∆ #.#
#...###...
#######.####.#.#.#.#.
.....#.##.....#.#...
....#.##.#.........
..##.#.....##.##..
#o##...###.#...#.# #.#
#♣##.#.#[......... #.#
#.##...###.#...#.# #.#
#..#)#.....##.##.. #.#
##.#.##.#......... #.#
#...##.....#.#... ∆ #.#
##..####.#.#.#.#.
####.#####.># #...###...
#...........#####......##
#.##.######.......#.#.##


You could see an orc warrior.

Vanquished Creatures
  An ogre (D:4)
  2 crimson imps (D:4)
  2 hounds
  2 orc wizards (D:3)
  A bullfrog skeleton (D:3)
  A worker ant (D:4)
  4 gnolls (D:3)
  3 adders
  A howler monkey skeleton (D:3)
  A shadow imp (D:4)
  An adder skeleton (D:4)
  3 worms
  A dart slug (D:1)
  5 leopard geckos
  3 orcs (D:3)
  3 ball pythons
  5 giant cockroaches
  3 goblins
  7 hobgoblins
  12 jackals
  3 quokkas
  5 bats
  6 frilled lizards
  A jackal skeleton (D:4)
  10 kobolds
  7 rats
93 creatures vanquished.

Notes
Turn   | Place    | Note
-------+----------+-------------------------------------------
     0 | D:1      | Finalfun the Gnoll Archaeologist began the quest for the
                  | Orb.
     0 | D:1      | Reached XP level 1. HP: 17/17 MP: 1/1
   121 | D:1      | Reached XP level 2. HP: 19/23 MP: 2/2
   417 | D:1      | Reached XP level 3. HP: 27/28 MP: 3/3
   898 | D:1      | Reached skill level 1 in Invocations
  1471 | D:2      | Reached skill level 1 in Short Blades
  1471 | D:2      | Reached skill level 1 in Long Blades
  1471 | D:2      | Reached skill level 1 in Axes
  1471 | D:2      | Reached skill level 1 in Polearms
  1471 | D:2      | Reached skill level 1 in Staves
  1471 | D:2      | Reached skill level 1 in Slings
  1471 | D:2      | Reached skill level 1 in Bows
  1471 | D:2      | Reached skill level 1 in Crossbows
  1471 | D:2      | Reached skill level 1 in Throwing
  1471 | D:2      | Reached skill level 1 in Armour
  1471 | D:2      | Reached skill level 1 in Shields
  1471 | D:2      | Reached skill level 1 in Unarmed Combat
  1471 | D:2      | Reached skill level 1 in Spellcasting
  1471 | D:2      | Reached skill level 1 in Evocations
  1489 | D:2      | Reached XP level 4. HP: 33/34 MP: 5/5
  1892 | D:3      | Reached skill level 1 in Conjurations
  1892 | D:3      | Reached skill level 1 in Hexes
  1892 | D:3      | Reached skill level 1 in Charms
  1892 | D:3      | Reached skill level 1 in Summonings
  1892 | D:3      | Reached skill level 1 in Necromancy
  1892 | D:3      | Reached skill level 1 in Translocations
  1892 | D:3      | Reached skill level 1 in Transmutations
  1892 | D:3      | Reached skill level 1 in Fire Magic
  1892 | D:3      | Reached skill level 1 in Ice Magic
  1892 | D:3      | Reached skill level 1 in Air Magic
  1892 | D:3      | Reached skill level 1 in Earth Magic
  1892 | D:3      | Reached skill level 1 in Poison Magic
  2025 | D:3      | Reached XP level 5. HP: 31/40 MP: 5/7
  2025 | D:3      | Identified a scroll of acquirement
  2181 | D:3      | Identified the +2 pair of boots of Proximity {rF+ rC+ Str+2
                  | Int-3} (You acquired it on level 3 of the Dungeon)
  2322 | D:3      | Found a runed translucent door.
  2323 | D:3      | Noticed foxfromabyss's ghost (amateur DgAc)
  2351 | D:3      | Found a shadowy altar of Dithmenos.
  2362 | D:3      | Gained mutation: You have sharp fingernails. [potion of
                  | mutation]
  2362 | D:3      | Gained mutation: Your mind is acute. (Int +2) [potion of
                  | mutation]
  2362 | D:3      | Gained mutation: You are partially covered in icy blue
                  | scales. (AC +2) [potion of mutation]
  2534 | D:3      | Reached XP level 6. HP: 40/47 MP: 8/8
  3218 | D:4      | Reached XP level 7. HP: 35/52 MP: 10/10
  3534 | D:4      | Noticed Eustachio
  3692 | D:4      | Slain by an orc warrior

Skill      XL: |  1  2  3  4  5  6 |
---------------+-------------------+-----
Invocations    | 1 2 |  2.5
Short Blades   | 1 2 |  2.2
Long Blades    | 1 2 |  2.2
Axes           | 1 2 |  2.2
Polearms       | 1 2 |  2.2
Staves         | 1 2 |  2.2
Slings         | 1 2 |  2.2
Bows           | 1 2 |  2.2
Crossbows      | 1 2 |  2.2
Throwing       | 1 2 |  2.2
Armour         | 1 2 |  2.2
Shields        | 1 2 |  2.2
Unarmed Combat | 1 2 |  2.2
Spellcasting   | 1 2 |  2.2
Evocations     | 1 2 |  2.2
Conjurations   | 1 |  1.8
Hexes          | 1 |  1.8
Charms         | 1 |  1.8
Summonings     | 1 |  1.8
Necromancy     | 1 |  1.8
Translocations | 1 |  1.8
Transmutations | 1 |  1.8
Fire Magic     | 1 |  1.8
Ice Magic      | 1 |  1.8
Air Magic      | 1 |  1.8
Earth Magic    | 1 |  1.8
Poison Magic   | 1 |  1.8
Fighting       | 3 |  3.4
Maces & Flails | 3 |  3.4
Dodging        | |  6.9
Stealth        | |  6.9

Action                   |  1- 3 |  4- 6 |  7- 9 || total
-------------------------+-------+-------+-------++-------
Melee: Whip              |   170 |   341 |    79 ||   590
       Bite              |     8 |    31 |     6 ||    45
       Punch             |       |     2 |     2 ||     4
 Fire: Blowgun           |       |     2 |       ||     2
Throw: Stone             |     6 |     8 |       ||    14
  Use: Scroll            |     2 |     2 |       ||     4
       Potion            |       |     2 |     2 ||     4
 Stab: Sleeping          |     9 |     5 |       ||    14
       Distracted        |     1 |       |       ||     1
  Eat: Chunk             |     6 |    11 |     3 ||    20
       Ration            |       |     1 |       ||     1
Armor: Robe              |    11 |       |       ||    11
       Scale mail        |    31 |   134 |    15 ||   180
       Skin              |       |       |    17 ||    17
Dodge: Dodged            |   103 |   206 |    35 ||   344
